 Dungeon Crawl Stone Soup version 0.31.0-9-g3a7656b989 (webtiles) character file.

Game seed: 7682424169610616004

72 qw the Shooter (level 4, -10/25 HPs)
             Began as a Deep Elf Hunter on Feb 2, 2024.
             Mangled by Terence
             ... wielding a +2 heavy morningstar
              (19 damage)
             ... on level 3 of the Dungeon.
             The game lasted 00:00:05 (1704 turns).

qw the Shooter (Deep Elf Hunter)                    Turns: 1704, Time: 00:00:05

Health: -10/25     AC:  6    Str: 10    XL:     4   Next: 7%
Magic:  6/6        EV: 11    Int: 14    God:
Gold:   61         SH:  0    Dex: 18    Spells: 3/3 levels left

rFire   . . .        a - +0 shortbow
rCold   . . .        (shield currently unavailable)
rNeg    . . .        d - +0 ring mail
rPois   .            (no helmet)
rElec   .            h - +0 cloak
rCorr   .            (no gloves)
SInv    .            (no boots)
Will    .....        (no amulet)
Stlth   +            (no ring)
HPRegen 0.24/turn    (no ring)
MPRegen 0.10/turn

%: no passive effects
@: no status effects
A: no striking features
a: no special abilities


You were on level 3 of the Dungeon.
You visited 1 branch of the dungeon, and saw 3 of its levels.

You collected 61 gold pieces.


   Skills:
 - Level 1.5 Fighting
 + Level 7.5 Ranged Weapons
 - Level 2.4 Dodging
 - Level 1.2 Stealth


You had 3 spell levels left.
You didn't know any spells.
Your spell library was empty.

Inventory:

Hand Weapons
 a - a +0 shortbow (weapon)
Armour
 d - a +0 ring mail (worn)
 h - a +0 cloak (worn)
Jewellery
 e - a +6 ring of dexterity
Scrolls
 c - a scroll of brand weapon {unknown}
 f - a scroll of teleportation
Potions
 b - a potion of enlightenment

Dungeon Overview and Level Annotations

Branches:
Dungeon (3/15)

Altars:

Shops:
D:1 (!!

Annotations:
D:3 Terence


Message History

You shoot an arrow. The arrow closely misses the hobgoblin.
You shoot an arrow. The arrow hits the hobgoblin.
You kill the hobgoblin!
e - a +6 ring of dexterity A ball python comes into view.
You shoot an arrow. The arrow hits the ball python!
You kill the ball python!
You hear the slow rusting of a drain very nearby.
A hobgoblin comes into view.
The hobgoblin shouts!
A quokka comes into view.
You shoot an arrow. The arrow closely misses the hobgoblin.
You shoot an arrow.
The arrow hits the hobgoblin but does no damage.
You hear a shout!
Terence the Incautious comes into view.
He is wielding a +2 heavy morningstar.
The hobgoblin misses you.
You shoot an arrow. The arrow barely misses the hobgoblin.
The arrow hits the quokka but does no damage.
The hobgoblin hits you but does no damage.
The hobgoblin barely misses you.
You shoot an arrow.
The arrow hits the hobgoblin but does no damage.
The hobgoblin hits you.
You shoot an arrow. The arrow hits the hobgoblin.
The hobgoblin is severely wounded.
The hobgoblin hits you.
You shoot an arrow. The arrow hits the hobgoblin.
You kill the hobgoblin!
Terence says, "Don't bother to defend, it's senseless."
You shoot an arrow.
The arrow hits Terence but does no damage.
Terence hits you with a +2 heavy morningstar!
Ouch! That really hurt!
You shoot an arrow.
The arrow hits Terence but does no damage.
Terence hits you with a +2 heavy morningstar!!
Ouch! That really hurt!
You die...
Terence says, "Time to find some more victims."

############
#..........#
#..........##
#...........###
#..........@@r#
#..........##...#
#..........#
..$.. ..######
#....###...# ###.
........ ######
##..#.# ........
#..#.# .......
##.#.# #.....
###.#.### #.....
#.......#
#####.....


You could see Terence and a quokka.

Vanquished Creatures
  4 adders
  A ribbon worm (D:2)
  8 ball pythons
  An endoplasm (D:2)
  A giant cockroach (D:1)
  3 goblins
  7 hobgoblins
  A quokka (D:1)
  A bat (D:1)
  2 frilled lizards
  4 kobolds
  2 rats
35 creatures vanquished.

Notes
Turn   | Place    | Note
-------+----------+-------------------------------------------
     0 | D:1      | qw the Deep Elf Hunter began the quest for the Orb.
     0 | D:1      | Reached XP level 1. HP: 12/12 MP: 3/3
     0 | D:1      | 0 ||| qw: Version: 0.3-a-155-g5e7d8dd
     0 | D:1      | 0 ||| qw: Game counter: 160
     0 | D:1      | 0 ||| qw: Melee chars always use a shield: true
     0 | D:1      | 0 ||| qw: God list: Okawaru
     0 | D:1      | 0 ||| qw: Allow faded altars: false
     0 | D:1      | 0 ||| qw: Do Orc after clearing Dungeon:15 true
     0 | D:1      | 0 ||| qw: Do second Lair branch before Depths: true
     0 | D:1      | 0 ||| qw: Lair rune preference: random
     0 | D:1      | 0 ||| qw: Goals: Normal
     0 | D:1      | 0 ||| PLANNING D:1-11
   102 | D:1      | Found Jacol's Distillery.
   113 | D:1      | 113 ||| SHOPLISTING potion of curing (36 gold, have 0).
   113 | D:1      | 113 ||| SHOPLISTING potion of heal wounds (60 gold, have
                  | 0).
   113 | D:1      | 113 ||| SHOPLISTING potion of mutation (96 gold, have 0).
   113 | D:1      | 113 ||| SHOPLISTING potion of resistance (120 gold, have
                  | 0).
   318 | D:1      | Reached skill level 6 in Ranged Weapons
   318 | D:1      | Reached XP level 2. HP: 16/16 MP: 4/4
   337 | D:1      | Found Jiuhusu's Weapon Shop.
   488 | D:1      | Found Xipnu's Distillery.
   503 | D:1      | 503 ||| SHOPLISTING 2 potions of cancellation (224 gold,
                  | have 0).
   503 | D:1      | 503 ||| SHOPLISTING 2 potions of enlightenment (140 gold,
                  | have 0).
   503 | D:1      | 503 ||| SHOPLISTING potion of cancellation (112 gold, have
                  | 0).
   503 | D:1      | 503 ||| SHOPLISTING potion of haste (140 gold, have 0).
   503 | D:1      | 503 ||| SHOPLISTING potion of might (56 gold, have 0).
   503 | D:1      | 503 ||| SHOPLISTING potion of mutation (112 gold, have 0).
   503 | D:1      | 503 ||| SHOPLISTING potion of resistance (140 gold, have
                  | 0).
   896 | D:1      | 896 ||| UPGRADING to +0 cloak.
   901 | D:1      | 901 ||| READING scroll labelled RICASAPHO FYAPT.
   902 | D:1      | 902 ||| READING scroll labelled POPPUT ETIEM.
   902 | D:1      | 902 ||| IDENTIFYING scroll labelled YNWUNETHOED
   903 | D:1      | 903 ||| READING scroll labelled SANITHRITAI.
   904 | D:1      | 904 ||| DROPPING scroll of butterflies.
   996 | D:2      | Reached XP level 3. HP: 12/20 MP: 5/5
  1104 | D:2      | Reached skill level 7 in Ranged Weapons
  1569 | D:2      | 1569 ||| UPGRADING to +0 ring mail.
  1579 | D:2      | 1579 ||| DROPPING +0 leather armour.
  1580 | D:2      | 1580 ||| READING 2 scrolls of identify.
  1580 | D:2      | 1580 ||| IDENTIFYING purple potion
  1581 | D:2      | 1581 ||| READING scroll of identify.
  1581 | D:2      | 1581 ||| IDENTIFYING fuming puce potion
  1582 | D:2      | 1582 ||| READING scroll labelled VOMOLL EFFIY.
  1583 | D:2      | 1583 ||| DROPPING potion of magic.
  1595 | D:3      | 1595 ||| PLANNING SEWER
  1647 | D:3      | Reached XP level 4. HP: 25/25 MP: 6/6
  1698 | D:3      | Noticed Terence
  1704 | D:3      | Mangled by Terence

Levels and vault maps discovered:
D:1:      dpeg_arrival_another_circle, layout_loops_corners, serial_shops, shop,
          shop, shop, minmay_heptomino_h4
D:2:      layout_loops_cross, minmay_pentomino_pile
D:3:      layout_rooms, lemuel_coloured_pillars_altar, gup_sewer_entry_bubbles,
          uniq_terence

Skill      XL: |  1  2  3 |
---------------+----------+-----
Ranged Weapons | 6 7 |  7.5
Fighting       | |  1.5
Dodging        | |  2.4
Stealth        | |  1.2

Action                     |  1- 3 |  4- 6 || total
---------------------------+-------+-------++-------
   Fire: Shortbow          |    99 |    12 ||   111
    Use: Scroll            |     6 |       ||     6
 Armour: Leather armour    |    11 |       ||    11
         Ring mail         |     1 |     5 ||     6
  Dodge: Dodged            |    19 |     2 ||    21

Table legend:
 A = Non-vault XP
 B = Vault XP
 C = Vault XP percentage of total XP
 D = Non-vault monster count
 E = Vault monster count
 F = Vault count percentage of total count
                 A         B        C        D         E       F
            +---------+---------+-------+---------+---------+-------
      Total |      82 |      22 |  21.2 |      27 |       8 |  22.9
            +---------+---------+-------+---------+---------+-------
        D:1 |      20 |       4 |  16.7 |      11 |       4 |  26.7
        D:2 |      26 |      18 |  40.9 |       8 |       4 |  33.3
        D:3 |      36 |       0 |   0.0 |       8 |       0 |   0.0
            +---------+---------+-------+---------+---------+-------
